 Dungeon Crawl Stone Soup version 0.30-a0-1164-ge08a67761e (webtiles) character file.

Game seed: 8710061266395967553

69106 12572944 the Warrior (level 14, -1/223 HPs)
             Began as a Minotaur Berserker on Apr 29, 2023.
             Was the Champion of Trog.
             Slain by a swamp dragon (5 damage)
             ... on level 5 of the Lair of Beasts.
             The game lasted 00:43:15 (16001 turns).

12572944 the Warrior (Minotaur Berserker)          Turns: 16001, Time: 00:43:15

Health: -1/223     AC: 28    Str: 21    XL:     14   Next: 89%
Magic:  13/13      EV: 11    Int:  4    God:    Trog [******]
Gold:   1334       SH:  0    Dex: 16    Spells: 13/13 levels left

rFire   . . .        a - +8 mithril axe "Arga" {speed, Will+}
rCold   . . .        (no shield)
rNeg    . . .        W - +1 plate armour
rPois   .            N - +1 hat
rElec   .            C - +1 cloak {Will+}
rCorr   +            K - +2 pair of gloves
SInv    .            M - +2 pair of boots
Will    ++++.        x - amulet of regeneration Stlth
                     s - ring of resist corrosion
HPRegen 1.37/turn    Q - ring of willpower
MPRegen 0.13/turn

%: no passive effects
@: berserking, lethally poisoned (-1 -> -8), slow
A: horns 2, retaliatory headbutt
a: Renounce Religion, Berserk, Trog's Hand, Brothers in Arms


You were on level 5 of the Lair of Beasts.
You worshipped Trog.
Trog was exalted by your worship.
You visited 3 branches of the dungeon, and saw 18 of its levels.
You visited 1 bazaar.
You also visited: Ice Cave and Volcano.

You collected 1681 gold pieces.
You spent 347 gold pieces at shops.

Inventory:

Hand Weapons
 a - the +8 mithril axe "Arga" (weapon) {speed, Will+}
   (You found it on level 4 of the Dungeon)

   Will:      It increases your willpower.
 b - a +2 battleaxe of flaming
 k - a +6 battleaxe of freezing
 R - a +5 antimagic executioner's axe
Missiles
 y - a throwing net
Armour
 n - +0 ice dragon scales
 u - a +0 cloak of fire resistance
 C - a +1 cloak of willpower (worn)
 K - a +2 pair of gloves (worn)
 M - a +2 pair of boots (worn)
 N - a +1 hat (worn)
 O - +1 swamp dragon scales
 W - a +1 plate armour (worn)
 Y - +0 fire dragon scales
Jewellery
 m - a +6 ring of strength
 s - a ring of resist corrosion (left hand)
 x - an amulet of regeneration (around neck)
 B - a +6 ring of intelligence
 E - a ring of ice
 F - a +5 ring of evasion
 I - an amulet of guardian spirit
 Q - a ring of willpower (right hand)
 V - an amulet of faith
Wands
 o - a wand of flame (38)
 w - a wand of quicksilver (8)
 G - a wand of paralysis (21)
 S - a wand of digging (6)
 T - a wand of mindburst (25)
 U - a wand of iceblast (13)
 X - a wand of polymorph (10)
Scrolls
 c - 6 scrolls of immolation
 d - 6 scrolls of poison
 e - 3 scrolls of vulnerability
 g - 2 scrolls of magic mapping
 h - a scroll of torment
 j - 7 scrolls of blinking
 l - 9 scrolls of teleportation {@r4}
 p - a scroll of enchant weapon
 H - 2 scrolls of fear
 Z - 3 scrolls of identify {@r1}
Potions
 f - 5 potions of resistance
 i - 10 potions of curing {@q1}
 q - a potion of magic
 r - 7 potions of attraction
 t - 4 potions of heal wounds {@q2}
 v - 2 potions of ambrosia
 z - 3 potions of might
 A - 4 potions of cancellation
 D - a potion of mutation
 J - 3 potions of lignification
 L - 5 potions of haste {@q3}
 P - 3 potions of flight


   Skills:
 * Level 20.4 Fighting
 + Level 15.0 Axes
 - Level 7.0 Ranged Weapons
 + Level 14.8 Armour
 - Level 10.0 Dodging


You had 13 spell levels left.
You didn't know any spells.
Your spell library was empty.

Dungeon Overview and Level Annotations

Branches:
Dungeon (12/15)            Temple (1/1) D:7            Lair (5/5) D:11
 Shoals (0/4) Lair:3        Snake (0/4) Lair:3        Slime (0/5) Lair:5
    Orc (0/2) D:10          IceCv (visited)         Volcano (visited)

Altars:
Cheibriados
Dithmenos
Elyvilon
Fedhas
Gozag
Hepliaklqana
Kikubaaqudgha
Makhleb
Nemelex Xobeh
Okawaru
Qazlal
Sif Muna
Trog
Uskayaw
Vehumet
Wu Jian
Xom
Yredelemnul
Zin
The Shining One
Jiyva

Shops:
D:8 [

Annotations:
D:3 2 transporters, 13Fox's ghost, amateur DsHu


Innate Abilities, Weirdness & Mutations

You have a pair of horns on your head.
You reflexively headbutt those who attack you in melee.


Message History

You are engulfed in poison gas.
You are more poisoned.
* * * LOW HITPOINT WARNING * * *
x2 You feel very sick.
The swamp dragon bites you.
* * * LOW HITPOINT WARNING * * *
The swamp dragon claws you but does no damage.
The swamp dragon closely misses you.
You feel better.
You are engulfed in poison gas.
You are poisoned.
* * * LOW HITPOINT WARNING * * *
You feel very sick. The swamp dragon bites you.
* * * LOW HITPOINT WARNING * * *
The swamp dragon claws you.
* * * LOW HITPOINT WARNING * * *
The swamp dragon tramples you but does no damage.
A red film seems to cover your vision as you go berserk!
You feel yourself moving faster!
You feel mighty!
You are engulfed in poison gas.
You are lethally poisoned!
* * * LOW HITPOINT WARNING * * *
x2 You feel very sick.
The swamp dragon bites you but does no damage.
The swamp dragon closely misses you. The swamp dragon barely misses you.
You slash the swamp dragon! You headbutt the swamp dragon!
The swamp dragon is heavily wounded.
* * * LOW HITPOINT WARNING * * *
You feel very sick.
You barely miss the swamp dragon.
The swamp dragon is heavily wounded.
* * * LOW HITPOINT WARNING * * *
You feel sick.
You slice the swamp dragon!! You headbutt the swamp dragon.
The swamp dragon is severely wounded.
* * * LOW HITPOINT WARNING * * *
You feel sick.
The swamp dragon bites you but does no damage.
The swamp dragon claws you.
You die...

♣..♣~†♣♣≈..♣
♣♣.♣♣~≈≈..♣♣♣♣.~≈≈≈.♣
♣P...†..♣♣[$$.~≈≈~.
♣....~.♣♣♣?[.~≈≈~.♣
♣♣.♣..~♣♣..[.~≈≈~.♣
♣♣...≈♣♣♣[[...~.♣♣♣
♣..♣~~♣♣$!$..≈~~.♣
♣♣...~~♣♣♣○○D≈~..♣
♣♣...~.♣♣○@≈~.♣
♣♣♣..~~♣♣☼○..♣
♣♣..≈≈○).♣♣♣
♣...≈~..♣ ♣♣♣~~♣.♣♣
♣♣♣♣♣♣


You could see a swamp dragon.

Vanquished Creatures
  Rupert (Lair:5)
  Gastronok (D:9)
  A frost giant (IceCv)
  A fire dragon (Lair:5)
  5 hydras
  Erolcha (D:9)
  A two-headed ogre (D:5)
  An alligator (Lair:5)
  6 death yaks
  A centaur warrior (Volcano)
  Urug (Lair:4)
  2 boulder beetles
  A hell knight (Volcano)
  Nergalle (Lair:2)
  3 skysharks
  An obsidian statue (Volcano)
  The ghost of 13Fox the Skirmisher, a novice DsHu of Gozag (D:5)
  A deep elf pyromancer (D:12)
  A wolf spider (Lair:5)
  A manticore (D:12)
  A cyclops (D:12)
  10 black mambas
  An ugly thing (D:11)
  Maurice (D:8)
  17 elephants
  2 ice statues
  Maggie (Lair:2)
  9 cane toads
  2 gargoyles (D:12)
  Psyche (D:10)
  9 komodo dragons
  8 rime drakes
  An unseen horror (D:10)
  5 trolls
  21 polar bears
  3 raiju (Lair:5)
  Prince Ribbit (D:5)
  8 blink frogs
  A shadow (D:12)
  5 wyverns
  6 wraiths
  4 fire bats (Volcano)
  53 yaks
  2 basilisks
  2 steam dragons
  Menkaure (D:5)
  9 vampire mosquitoes
  4 wargs (Lair:5)
  A naga (Lair:3)
  6 water moccasins
  2 acid dragons
  Duvessa (D:6)
  14 hell hounds (Lair:5)
  2 swamp drakes (Lair:5)
  4 orc warriors
  13 black bears
  2 ice beasts
  38 wolves
  5 centaurs
  A phantom (D:5)
  2 kobold brigands
  8 bullfrogs
  2 gnoll sergeants
  4 scorpions
  10 wights
  Dowan (D:6)
  6 killer bees (D:8)
  2 electric eels
  2 vampire bats (D:7)
  A howler monkey (D:8)
  5 lava snakes (Volcano)
  2 jellies
  5 hounds
  Crazy Yiuf (D:6)
  6 orc priests
  5 iguanas
  A gnoll bouda (D:9)
  7 hell rats (Lair:3)
  A sleepcap (D:7)
  5 orc wizards
  A polar bear simulacrum (Lair:2)
  13 gnolls
  11 adders
  2 white imps
  An ufetubus (D:7)
  2 worms (D:2)
  2 dart slugs (D:4)
  30 orcs
  4 ball pythons
  5 bat skeletons (D:7)
  A bat zombie (D:7)
  6 endoplasms
  7 goblins
  A hobgoblin (D:1)
  19 kobolds
  5 quokkas
  2 bats (D:1)
  3 frilled lizards
  5 rats
505 creatures vanquished.

Vanquished Creatures (others)
  An iguana (Lair:5)
  An orc (D:10)
  17 fungi
  48 plants
67 creatures vanquished.

Grand Total: 572 creatures vanquished

Notes
Turn   | Place    | Note
-------+----------+-------------------------------------------
     0 | D:1      | 12572944 the Minotaur Berserker began the quest for the
                  | Orb.
     0 | D:1      | Reached XP level 1. HP: 19/19 MP: 0/0
   286 | D:1      | Reached XP level 2. HP: 23/27 MP: 1/1
   876 | D:2      | Reached skill level 4 in Fighting
   894 | D:2      | Reached XP level 3. HP: 33/33 MP: 2/2
  1205 | D:2      | Reached ** piety under Trog
  1522 | D:3      | Reached XP level 4. HP: 34/41 MP: 3/3
  1552 | D:3      | Identified the +1 robe "Ysmonudd" {Str+4}
  1590 | D:3      | Reached skill level 1 in Ranged Weapons
  1829 | D:3      | Found a transporter.
  1854 | D:3      | Found a shimmering blue altar of Sif Muna.
  1929 | D:3      | Noticed 13Fox's ghost (amateur DsHu)
  1967 | D:3      | Found a transporter.
  1967 | D:3      | You fall into a shaft and drop 1 floor!
  1967 | D:4      | Found a bloodstained altar of Trog.
  1998 | D:4      | Reached XP level 5. HP: 47/47 MP: 4/4
  2017 | D:4      | Found the +8 mithril axe "Arga" {speed, Will+}
  2079 | D:4      | Reached skill level 5 in Fighting
  2220 | D:4      | Found a hazy altar of Hepliaklqana.
  2694 | D:4      | Found a basalt altar of Yredelemnul.
  3092 | D:5      | Entered Level 5 of the Dungeon
  3098 | D:5      | Reached XP level 6. HP: 55/56 MP: 5/5
  3183 | D:5      | Reached skill level 5 in Axes
  3248 | D:5      | Noticed Menkaure
  3253 | D:5      | Killed Menkaure
  3254 | D:5      | Reached skill level 6 in Fighting
  3254 | D:5      | Reached XP level 7. HP: 63/63 MP: 6/6
  3344 | D:5      | Reached *** piety under Trog
  3412 | D:5      | Noticed Prince Ribbit
  3437 | D:5      | Killed Prince Ribbit
  3438 | D:5      | Reached skill level 7 in Fighting
  3438 | D:5      | Reached skill level 5 in Armour
  3629 | D:5      | Noticed 13Fox's ghost (novice DsHu)
  3632 | D:5      | Found a runed translucent door.
  3741 | D:5      | Noticed a two-headed ogre
  3748 | D:5      | Killed a two-headed ogre
  3749 | D:5      | Reached skill level 8 in Fighting
  3749 | D:5      | Reached skill level 5 in Dodging
  3749 | D:5      | Reached XP level 8. HP: 58/74 MP: 7/7
  3856 | D:5      | Killed 13Fox's ghost
  3949 | D:6      | Reached XP level 9. HP: 82/82 MP: 8/8
  3979 | D:6      | Noticed Dowan
  3980 | D:6      | Noticed Duvessa
  3986 | D:6      | Killed Duvessa
  3987 | D:6      | Reached skill level 9 in Fighting
  3998 | D:6      | Killed Dowan
  4044 | D:6      | Found an opulent altar of Gozag.
  4099 | D:6      | Reached skill level 5 in Ranged Weapons
  4425 | D:6      | Found a runed translucent door.
  4426 | D:6      | Noticed Crazy Yiuf
  4432 | D:6      | Killed Crazy Yiuf
  4436 | D:6      | Identified the +4 hammer "Qikaxohu" {antimagic, Fragile rF+
                  | Int+7 Dex+2}
  4664 | D:7      | Noticed a troll
  4667 | D:7      | Killed a troll
  4668 | D:7      | Reached skill level 10 in Fighting
  4728 | D:7      | Reached **** piety under Trog
  4732 | D:7      | Found an ancient bone altar of Kikubaaqudgha.
  4945 | D:7      | Found a staircase to the Ecumenical Temple.
  5247 | Temple   | Entered the Ecumenical Temple
  5608 | D:8      | Found a shadowy altar of Dithmenos.
  5657 | D:8      | Noticed Maurice
  5675 | D:8      | Killed Maurice
  5676 | D:8      | Reached XP level 10. HP: 94/94 MP: 9/9
  5788 | D:8      | Found Cygiam's Antique Armour Emporium.
  5792 | D:8      | Found an iron altar of Okawaru.
  5793 | D:8      | Bought a pair of glowing boots for 172 gold pieces
  5808 | D:8      | Reached skill level 11 in Fighting
  5864 | D:8      | Identified the +10 falchion of the Thing {heavy, rN+ Str+4
                  | Dex-5}
  5989 | D:8      | Found a burning altar of Makhleb.
  5994 | D:8      | Found a hide-covered altar of Uskayaw.
  5999 | D:8      | Found a shimmering altar of Xom.
  6510 | D:9      | Noticed Gastronok
  6524 | D:9      | Killed Gastronok
  6525 | D:9      | Reached skill level 12 in Fighting
  6732 | D:9      | Reached ***** piety under Trog
  6796 | D:9      | Reached XP level 11. HP: 102/105 MP: 10/10
  6923 | D:9      | Noticed Erolcha
  6934 | D:9      | Killed Erolcha
  7653 | D:10     | Entered Level 10 of the Dungeon
  7746 | D:10     | Found a staircase to the Orcish Mines.
  7782 | D:10     | !bestwep
  7901 | D:10     | Reached skill level 13 in Fighting
  8082 | D:10     | Noticed Psyche
  8093 | D:10     | Killed Psyche
  8446 | D:11     | Reached skill level 10 in Axes
  8449 | D:11     | Identified the +1 robe of the Flying Gods {Will+ Str-2
                  | Dex+5 SInv}
  8564 | D:11     | Found a glowing silver altar of Zin.
  8835 | D:11     | Found a staircase to the Lair.
  9015 | D:11     | Noticed a purple ugly thing
  9024 | D:11     | Killed a purple ugly thing
  9167 | D:11     | Found a gateway to a bazaar.
  9170 | D:11     | Reached skill level 10 in Armour
  9173 | Bazaar   | Entered a bazaar
  9189 | Bazaar   | Found Ficseo's Antique Weapon Shoppe.
  9190 | Bazaar   | Found Peez's Book Shoppe.
  9233 | Bazaar   | Found Doeqen's Magic Scroll Emporium.
  9233 | Bazaar   | Found Wopil's Distillery.
  9276 | Bazaar   | Bought a runed war axe for 175 gold pieces
  9276 | Bazaar   | !bestwep
  9390 | D:12     | Reached skill level 14 in Fighting
  9583 | D:12     | Noticed a deep elf pyromancer
  9593 | D:12     | Killed a deep elf pyromancer
  9594 | D:12     | Reached XP level 12. HP: 113/118 MP: 11/11
  9607 | D:12     | Received a gift from Trog
  9609 | D:12     | !bestwep
 10114 | Lair:1   | Entered Level 1 of the Lair of Beasts
 10339 | Lair:1   | Found a burning altar of Makhleb.
 10803 | Lair:2   | Noticed Nergalle
 10812 | Lair:2   | Killed Nergalle
 10827 | Lair:2   | Found a frozen archway.
 10838 | IceCv    | Entered an ice cave
 10863 | IceCv    | Reached skill level 15 in Fighting
 10888 | IceCv    | Noticed a death yak
 10888 | IceCv    | Noticed a death yak
 10896 | IceCv    | Killed a death yak
 10898 | IceCv    | Reached skill level 10 in Dodging
 10903 | IceCv    | Killed a death yak
 11111 | IceCv    | Noticed a frost giant
 11130 | IceCv    | Killed a frost giant
 11136 | IceCv    | Reached skill level 16 in Fighting
 11206 | IceCv    | !bestwep
 11362 | IceCv    | Reached XP level 13. HP: 126/130 MP: 12/12
 11517 | Lair:2   | Noticed Maggie
 11526 | Lair:2   | Killed Maggie
 11649 | Lair:2   | Identified the +10 falchion "Isaul" {flame, *Slow +Blink
                  | rElec rPois} (Trog gifted it to you on level 2 of the Lair
                  | of Beasts)
 11649 | Lair:2   | Received a gift from Trog
 12215 | Lair:2   | Found a blossoming altar of Fedhas.
 12264 | Lair:3   | Reached skill level 17 in Fighting
 12289 | Lair:3   | You fall into a shaft and drop 1 floor!
 12450 | Lair:3   | Found a dark tunnel.
 12464 | Volcano  | Entered a volcano
 12602 | Volcano  | Found a radiant altar of Vehumet.
 13100 | Lair:3   | Found a staircase to the Snake Pit.
 13247 | Lair:3   | Found a staircase to the Shoals.
 13772 | Lair:4   | Reached skill level 18 in Fighting
 14143 | Lair:4   | Noticed Urug
 14154 | Lair:4   | Killed Urug
 14244 | Lair:4   | Identified the +0 rapier of Saltpetre {heavy, Fragile Dex+3
                  | SInv}
 14496 | Lair:5   | Entered Level 5 of the Lair of Beasts
 14509 | Lair:5   | Reached XP level 14. HP: 144/144 MP: 13/13
 14558 | Lair:5   | Noticed Rupert
 14573 | Lair:5   | Killed Rupert
 14573 | Lair:5   | Received a gift from Trog
 14632 | Lair:5   | Reached skill level 19 in Fighting
 14708 | Lair:5   | Reached ****** piety under Trog
 15169 | Lair:5   | Found a viscous altar of Jiyva.
 15170 | Lair:5   | Found a staircase to the Slime Pits.
 15405 | Lair:5   | Identified the +0 robe of Fap Kadu {+Blink rF- rN++ Str+3}
 15458 | Lair:5   | Reached skill level 20 in Fighting
 15583 | Lair:5   | Reached skill level 15 in Axes
 15665 | Lair:5   | Received a gift from Trog
 15998 | Lair:5   | HP: 9/223 [poisoned by a swamp dragon (poison gas)]
 16001 | Lair:5   | HP: 4/223 [poisoned by a swamp dragon (poison gas)]
 16001 | Lair:5   | Slain by a swamp dragon

Illustrated notes ........ ..>...#....## ........ .....$.#.....# ........ ....$..#'....## ........ ..............# ####.... ....$.........########.... .............##........... .##.....<....##........... .........@..##............ ##....[....##............ #....)...##....##....##. #.?.....)##. #....##. #......)).# ##..##.. #......)))## #..##.[ #.......[.)# ####... #..........## ##... #######.....# #...# Turn 7782 on D:10: !bestwep #### #### #⌠.## ##.⌠# #.@.### ###.∩.# ###...#####...### ###.......### ###.8.### ###.......### ###...#####...### #...##+.∩.'##...# #⌠.####.8.####.⌠# #...##'.∩.'##...# Turn 9276 on Bazaar: !bestwep

#.###### #......>..######
.......# #............).#
.#.....# #...†..........#
.+.....# #...†......<...#
##.....#######...†..........#
.....................)......#
..#'###.....................#
..#...#.....................#
..+...#.......##@######.....#
>.#...#.......#..(....#.....#
###...#########.......#.....#
#...# ........#.....# #....
.........#.....# #....#
..........# ...........+
.....(......#


Turn 9609 on D:12: !bestwep #....# ##.#.# ###.## ##.# ##.# #..# #.## #.## ##@#
#†# ..# ..## ... ...# .... ##..# Turn 11206 on IceCv: !bestwep

Levels and vault maps discovered:
D:1:      giann_horns, layout_basic
D:2:      layout_loops_ring, hangedman_decor_points
D:3:      layout_rooms, lemuel_doored_altar, mainiacjoe_overflow_cross_hatched,
          nicolae_ru_great_annihilating_truth, gammafunk_ghost_stat_death
D:4:      layout_basic, nicolae_hepliaklqana_hazy_memory,
          mainiacjoe_overflow_concentric_impassable, kennysheep_mini_moat,
          minmay_snake_closets
D:5:      layout_cave_pods, hellmonk_ghost_happy_afterlife, uniq_menkaure,
          uniq_prince_ribbit1
D:6:      layout_basic, nicolae_overflow_crystal_walls, uniq_crazy_yiuf_cottage,
          uniq_duvessa
D:7:      layout_loops_ring, kennysheep_vampire_church,
          minmay_temple_entry_overgrown
D:8:      layout_gridville, minmay_overflow_temple_star_quad,
          okawaru_ov_weapons_minmay, nicolae_dithmenos_shadow_blocks,
          serial_shops, nicolae_shop_tiny_statue_garden, uniq_maurice
D:9:      layout_cave_pods, hangedman_decor_peaks_small, uniq_erolcha,
          uniq_gastronok
D:10:     layout_basic, orc_david_3, minivault_11,
          amcnicky_mini_rare_corridor_liquid, nicolae_two_hexagons, uniq_psyche
D:11:     layout_stronghold, david_lair_generic, serial_shops, statue_bzr,
          kennysheep_diamond
D:12:     minmay_inner_zag, layout_gridville
Temple:   hellmonk_temple_forest_ring
Lair:1:   layout_misc_corridors, basic_altar, nicolae_quartered_pool_little,
          serial_bayou_lagoon_b
Lair:2:   layout_regular_city, portal_ice_cave_entry_ice_simulacra,
          lemuel_centaur_altar, lemuel_fruit_fields, uniq_maggie, uniq_nergalle
Lair:3:   layout_chaotic_city, shoals_dummy_entry, guppyfry_snake_entry_island,
          nicolae_volcano_entry_two_sided, serial_bayou_shore_a
Lair:4:   layout_regular_city, uniq_urug
Lair:5:   hangedman_lair_caniforms_friends, layout_layer_cave,
          guppyfry_lair_end_dragon, dpeg_slime_entry_corner,
          minmay_lair_drake_nest, grunt_megastairs_2, uniq_rupert

Skill      XL: |  1  2  3  4  5  6  7  8  9 10 11 12 13 14 |
---------------+-------------------------------------------+-----
Fighting       | 4 5 6 8 10 12 14 16 18 20 | 20.4
Axes           | 4 5 6 7 8 9 10 12 13 15 | 15.0
Armour         | 3 4 5 6 7 8 10 11 13 14 | 14.8
Dodging        | 3 5 6 7 9 10 | 10.0
Ranged Weapons | 1 2 4 6 7 |  7.0

Action                     |  1- 3 |  4- 6 |  7- 9 | 10-12 | 13-15 || total
---------------------------+-------+-------+-------+-------+-------++-------
  Melee: Hand axe          |    57 |    30 |       |       |       ||    87
         Headbutt          |     4 |     9 |    25 |   117 |   159 ||   314
         Broad axe         |       |    32 |   156 |   470 |   507 ||  1165
         Punch             |       |       |       |     9 |     4 ||    13
         Battleaxe         |       |       |       |       |    49 ||    49
         Morningstar       |       |       |       |       |    31 ||    31
   Fire: Sling             |    32 |    34 |       |       |       ||    66
 Invoke: Berserk           |       |       |     5 |     1 |     3 ||     9
    Use: Scroll            |       |       |    14 |    15 |     5 ||    34
         Potion            |       |       |       |       |     1 ||     1
   Stab: Confused          |       |       |       |       |     1 ||     1
 Armour: Animal skin       |    12 |       |       |       |       ||    12
         Chain mail        |       |    19 |    56 |    97 |       ||   172
         Robe              |       |     4 |       |       |       ||     4
         Plate armour      |       |       |       |    75 |   412 ||   487
         Ice dragon scales |       |       |       |    38 |       ||    38
  Dodge: Dodged            |    44 |    37 |    63 |   263 |   314 ||   721

Table legend: (Time is in decaauts)
 A = Elapsed time spent in this place.
 B = Non-inter-level travel time spent in this place.
 C = Inter-level travel time spent in this place.
 D = Time resting spent in this place.
 E = Time spent auto-exploring this place.
 F = Levels seen in this place.
 G = Mean time per level.
                   A        B        C        D        E       F      G
               +--------+--------+--------+--------+--------+-----+--------+
         Total |  15818 |  14617 |   1201 |    646 |  11188 |  21 |  753.2 |
       Dungeon |   9842 |   8982 |    860 |    442 |   7064 |  12 |  820.2 |
        Temple |    164 |    147 |     17 |      0 |    138 |   1 |  164.0 |
          Lair |   4770 |   4447 |    323 |     99 |   3501 |   5 |  954.0 |
        Bazaar |    114 |    114 |      0 |      0 |     78 |   1 |  114.0 |
      Ice Cave |    601 |    601 |      0 |     49 |    316 |   1 |  601.0 |
       Volcano |    323 |    323 |      0 |     56 |     90 |   1 |  323.0 |
               +--------+--------+--------+--------+--------+-----+--------+

Top non-repeatable levels by time:
  Lair:5: 1240 daAuts
     D:4: 1128 daAuts
     D:8: 1032 daAuts
  Lair:4: 1008 daAuts
     D:9: 1001 daAuts
  Lair:3: 974 daAuts
     D:5: 926 daAuts
     D:1: 868 daAuts
  Lair:2: 864 daAuts
    D:11: 861 daAuts
     D:7: 817 daAuts
    D:10: 751 daAuts
    D:12: 692 daAuts
  Lair:1: 682 daAuts
     D:6: 648 daAuts
